Map: New Repugnancy LE

Players

SouLeer - Winner!

  • Race: Zerg Zerg
  • Spawn Location: 1:00

SaLemandr

  • Race: Terran Terran
  • Spawn Location: 7:00

Event: 2019 WCS Summer

VOD

Have the link to the VOD?

Description

Time

  • Played on: July 12, 2019, 10:25 a.m.
  • Length: 13:10

All games in this series

Show
View Real Time Build Order
Export as new Build Order

SouLeer Zerg - Winner!

Build Orders: Pool First 

Get SALT Encoding   

  12  0:00  Drone  
  13  0:13  Overlord  
  13  0:17  Drone  
  14  0:32  Drone x2  
  16  0:41  Spawning Pool  
  15  0:46  Drone, Extractor  
  15  0:50  Drone  
  16  1:13  Hatchery  
  15  1:28  Zergling x6  
  18  1:38  Queen  
  20  1:42  Drone  
  21  1:53  Drone  
  22  2:02  Overlord  
  22  2:03  Metabolic Boost  
  22  2:20  Queen  
  22  2:21  Drone  
  25  2:23  Drone  
  25  2:26  Drone  
  27  2:36  Drone x2  
  28  2:48  Drone  
  28  2:49  Hatchery  
  28  2:50  Drone  
  29  2:55  Drone  
  30  3:00  Overlord  
  30  3:02  Drone  
  30  3:04  Drone  
  32  3:07  Drone  
  33  3:12  Queen  
  33  3:18  Drone x2  
  33  3:19  Drone  
  38  3:25  Zergling x2  
  39  3:30  Zergling x4  
  39  3:32  Overlord  
  39  3:33  Drone  
  42  3:45  Drone  
  42  3:46  Baneling Nest  
  42  3:49  Drone, Queen  
  42  3:53  Overlord  
  45  3:56  Queen  
  45  3:58  Drone  
  45  4:00  Drone  
  49  4:07  Drone  
  49  4:08  Drone  
  49  4:09  Drone  
  52  4:10  Zergling x4  
  52  4:16  Zergling x2  
  52  4:17  Zergling x2  
  56  4:20  Drone  
  56  4:23  Drone x2  
  59  4:30  Drone x2  
  60  4:32  Drone x2  
  58  4:38  Queen  
  58  4:40  Lair  
  58  4:42  Spore Crawler x2  
  58  4:44  Spore Crawler  
  57  4:47  Drone x2  
  57  4:50  Drone x2  
  61  4:52  Extractor  
  61  4:53  Drone  
  61  4:55  Drone  
  62  5:00  Drone x2  
  62  5:03  Drone  
  62  5:06  Drone x2  
  66  5:07  Overlord  
  66  5:11  Evolution Chamber x2  
  66  5:13  Drone x2  
  65  5:17  Drone x2, Extractor  
  65  5:18  Overlord  
  66  5:28  Drone x5  
  71  5:30  Drone x2  
  71  5:33  Drone  
  74  5:36  Zergling x8  
  74  5:40  Overlord, Zerg Melee Weapons Level 1  
  74  5:41  Zergling x2  
  74  5:42  Zergling x2  
  80  5:43  Zergling x2  
  80  5:46  Zergling x2  
  80  5:48  Zerg Ground Armor Level 1  
  82  5:51  Overlord  
  82  5:57  Centrifical Hooks, Extractor  
  82  5:59  Zergling x2  
  82  6:00  Zergling x8  
  82  6:01  Baneling x2  
  86  6:06  Zergling x8  
  86  6:09  Overlord  
  90  6:12  Queen  
  92  6:19  Drone x5  
  92  6:24  Drone  
  92  6:25  Extractor  
  96  6:29  Zergling x6, Hatchery  
  98  6:33  Zergling x6  
  98  6:34  Overlord  
  98  6:37  Zergling x4  
  98  6:39  Zergling x2  
  104  6:42  Baneling x4  
  104  6:43  Overlord  
  104  6:45  Zergling x2  
  105  6:47  Baneling x3  
  105  6:50  Overlord  
  105  6:56  Drone x2  
  105  6:58  Hydralisk Den, Drone x3  
  109  7:03  Drone x2  
  109  7:04  Pneumatized Carapace  
  109  7:05  Overlord  
  109  7:06  Overlord  
  109  7:07  Overlord  
  111  7:10  Zergling x4  
  111  7:15  Drone x5  
  116  7:17  Drone  
  116  7:22  Zergling x4  
  121  7:23  Baneling x7  
  121  7:24  Baneling x2  
  121  7:26  Zergling x2  
  122  7:30  Grooved Spines  
  122  7:31  Hydralisk  
  122  7:35  Hydralisk x2  
  128  7:38  Hydralisk  
  128  7:42  Zergling x6  
  128  7:43  Zergling x2  
  134  7:45  Zergling x4  
  134  7:46  Zergling x4  
  134  7:47  Zergling x2  
  134  7:48  Zergling x2  
  134  7:50  Zergling x4  
  142  7:53  Baneling x6  
  142  7:54  Zergling x2  
  140  7:59  Zergling x4  
  140  8:02  Drone x3  
  140  8:04  Infestation Pit, Zergling x4  
  146  8:07  Zergling x2  
  146  8:12  Overlord  
  147  8:15  Zerg Melee Weapons Level 2  
  147  8:16  Zerg Ground Armor Level 2  
  147  8:17  Drone  
  148  8:23  Zergling x2  
  148  8:24  Zergling x6  
  152  8:27  Hatchery  
  152  8:28  Overlord  
  152  8:29  Drone  
  152  8:31  Overlord  
  152  8:33  Drone x3, Extractor  
  154  8:36  Overlord  
  154  8:38  Hydralisk x3  
  160  8:41  Muscular Augments  
  160  8:45  Overlord x3  
  160  8:48  Hive  
  156  8:57  Hydralisk x3  
  162  9:03  Zergling x2  
  162  9:04  Zergling x12  
  162  9:06  Zergling x10  
  174  9:13  Drone x5  
  179  9:18  Zergling x4  
  179  9:19  Zergling x8  
  179  9:23  Zergling x2  
  186  9:26  Baneling x4  
  186  9:29  Overlord  
  186  9:31  Zergling x10  
  188  9:35  Hatchery  
  188  9:36  Hydralisk x3  
  191  9:48  Zergling x10  
  191  9:49  Zergling x4  
  192  9:53  Overlord  
  192  9:54  Zergling x8  
  189  10:00  Viper x2  
  189  10:01  Viper  
  189  10:05  Overlord  
  198  10:07  Zergling x4  
  198  10:09  Overseer  
  198  10:10  Overseer  
  199  10:15  Adrenal Glands  
  199  10:17  Infestation Pit  
  199  10:18  Zergling x4  
  199  10:22  Baneling x4  
  199  10:36  Extractor  
  199  10:38  Extractor  
  199  10:39  Baneling  
  199  10:40  Baneling x3  
  197  10:51  Hydralisk  
  199  11:34  Ultralisk Cavern  
  199  11:39  Zergling x2  
  200  11:40  Zergling x2  
  200  11:45  Zergling x2  
  200  11:46  Zergling x6  
  175  12:01  Zergling x16  
  175  12:02  Zergling x28  
  175  12:05  Zergling x2  
  175  12:06  Zergling x28  
  184  12:11  Zergling x24  
  184  12:12  Zergling x6  
  186  12:18  Zergling x4  
  183  12:32  Baneling x17  
  183  12:33  Baneling x2  
  183  12:34  Baneling x2  
  183  12:36  Zergling x2  
  190  12:43  Zergling x4  
  190  12:44  Zergling x4  
Show
View Real Time Build Order
Export as new Build Order

SaLemandr Terran 

Build Orders: Reaper Expand, Banshee Rush 

Get SALT Encoding   

  12  0:00  SCV  
  13  0:13  SCV  
  14  0:18  Supply Depot  
  14  0:25  SCV  
  15  0:39  SCV  
  15  0:41  Barracks  
  16  0:45  Refinery  
  16  0:52  SCV  
  17  1:04  SCV  
  18  1:16  SCV  
  19  1:28  Orbital Command, Reaper  
  20  1:45  Command Center  
  20  1:56  SCV  
  20  1:59  Supply Depot  
  20  2:00  Marine  
  22  2:08  SCV  
  22  2:12  Factory  
  22  2:16  Refinery  
  22  2:22  Barracks Reactor  
  22  2:23  SCV  
  23  2:35  SCV  
  24  2:47  SCV  
  25  2:59  SCV  
  25  3:03  Hellion  
  25  3:04  Starport, Hellion  
  30  3:13  Orbital Command  
  30  3:14  SCV  
  30  3:15  Barracks Tech Lab  
  31  3:25  Hellion x2  
  31  3:26  SCV  
  36  3:31  Supply Depot  
  36  3:39  SCV  
  36  3:40  SCV  
  38  3:48  Banshee  
  38  3:49  Cloaking Field  
  38  3:51  SCV  
  38  3:52  SCV  
  43  3:56  Supply Depot  
  43  3:57  Factory Tech Lab  
  43  3:59  Marine  
  44  4:05  SCV  
  44  4:06  Marine  
  44  4:07  SCV  
  47  4:17  Marine, SCV  
  47  4:19  SCV, Supply Depot  
  47  4:20  Supply Depot  
  49  4:24  Marine  
  49  4:29  SCV  
  49  4:31  SCV  
  47  4:41  SCV  
  47  4:43  SCV  
  47  4:44  Command Center  
  49  4:45  Marine x2  
  49  4:48  Supply Depot  
  51  4:54  SCV  
  51  4:55  Siege Tank, SCV  
  56  5:06  SCV  
  54  5:08  SCV  
  52  5:18  SCV, Supply Depot  
  52  5:20  Barracks x2, Starport Reactor, Supply Depot  
  53  5:22  SCV  
  53  5:23  Refinery  
  53  5:25  Refinery  
  53  5:27  Engineering Bay  
  54  5:29  Engineering Bay  
  54  5:30  SCV  
  54  5:31  Stimpack, Marine  
  54  5:34  Siege Tank  
  59  5:36  SCV  
  59  5:42  SCV  
  61  5:49  Marine  
  62  5:54  Barracks, Terran Infantry Weapons Level 1  
  62  5:55  Barracks, Terran Infantry Armor Level 1  
  62  5:57  SCV  
  63  6:02  SCV  
  64  6:07  Marine  
  65  6:12  SCV, Starport Reactor  
  65  6:13  Marine x2  
  65  6:15  Orbital Command  
  65  6:17  SCV  
  69  6:24  Marine, SCV  
  71  6:28  Marine x2  
  71  6:29  SCV  
  71  6:31  Marine x2  
  71  6:32  Supply Depot  
  76  6:34  Supply Depot  
  76  6:36  SCV  
  77  6:40  Barracks Reactor  
  77  6:41  SCV  
  77  6:42  Marine, Barracks Reactor  
  77  6:45  Siege Tank, SCV  
  77  6:46  Marine x2  
  85  6:48  SCV  
  85  6:52  Supply Depot  
  85  6:53  Medivac  
  85  6:54  Supply Depot, Medivac  
  90  6:56  SCV  
  91  7:02  SCV x2  
  91  7:04  Marine x2  
  91  7:05  Marine  
  91  7:07  Marine  
  91  7:08  SCV  
  98  7:12  Marine  
  98  7:14  SCV x2  
  101  7:17  Supply Depot  
  101  7:20  SCV, Supply Depot  
  101  7:22  Supply Depot  
  102  7:23  Medivac  
  102  7:24  Medivac  
  102  7:28  Marine x2  
  108  7:34  Marine  
  108  7:35  Combat Shield, Marine  
  108  7:36  Marine x5  
  118  7:37  Siege Tank  
  118  7:39  Armory, SCV  
  119  7:44  Command Center  
  119  7:45  Marine  
  119  7:46  Marine  
  119  7:51  SCV  
  122  7:52  Marine  
  122  7:53  Marine x2  
  122  7:54  Refinery  
  122  7:55  Refinery  
  119  8:00  Marine x2, Medivac x2  
  119  8:01  Marine  
  126  8:09  Siege Tank  
  126  8:11  Marine x6  
  135  8:13  SCV  
  135  8:17  Marine x2  
  135  8:18  Marine  
  139  8:22  SCV  
  140  8:29  Marine x2  
  140  8:31  Marine  
  140  8:32  Marine x3  
  140  8:33  SCV  
  147  8:34  Barracks  
  147  8:35  Terran Infantry Weapons Level 2, Barracks, SCV  
  147  8:37  Barracks  
  147  8:39  Terran Infantry Armor Level 2  
  148  8:47  Supply Depot  
  148  8:49  Supply Depot  
  149  8:58  Drilling Claws  
  149  8:59  Marine x4, Widow Mine  
  149  9:00  Marine x2  
  154  9:05  SCV  
  154  9:07  Factory  
  155  9:10  Marine  
  155  9:13  SCV  
  157  9:17  SCV  
  157  9:19  Supply Depot  
  157  9:20  Terran Vehicle And Ship Armor Level 1, Widow Mine  
  157  9:21  Supply Depot  
  160  9:32  Barracks Tech Lab, Barracks Reactor  
  160  9:40  Supply Depot, Medivac  
  160  9:41  Widow Mine, Medivac  
  160  9:42  Supply Depot  
  160  9:43  Supply Depot  
  157  9:48  Planetary Fortress  
  149  9:53  SCV x2  
  149  9:54  SCV  
  149  9:59  Marine  
  153  10:03  Marine, Widow Mine  
  153  10:04  Marine x6  
  153  10:05  SCV  
  153  10:06  Marauder, Marine, Barracks Reactor  
  166  10:07  Barracks Tech Lab  
  166  10:08  Concussive Shells  
  166  10:10  SCV x2  
  166  10:11  Factory Reactor  
  166  10:14  Command Center  
  168  10:17  Marine, SCV  
  168  10:18  Marine x2  
  166  10:21  Marine  
  166  10:24  Marauder, Widow Mine  
  166  10:26  Marine  
  166  10:27  Marauder, Marine x2  
  166  10:28  Marauder, Marine  
  179  10:33  SCV  
  179  10:34  Marine  
  181  10:36  Marine  
  181  10:38  Marine  
  181  10:39  Marine  
  181  10:42  Marine  
  185  10:46  Marauder  
  185  10:49  Marauder x2, Widow Mine x3  
  197  10:50  Marine x2  
  199  11:04  Marine  
  200  11:22  Marine  
  199  11:26  Marine x2  
  198  11:35  Marine  
  199  11:46  Marauder, Marine x2  
  193  11:50  SCV x2  
  193  11:51  Marine x2, SCV  
  193  11:52  Marauder  
  178  12:08  Widow Mine x2  
  152  12:11  Marauder x2, Marine x3  
  152  12:14  Marine x2  
  152  12:15  Marauder  
  136  12:16  Marine x2  
  136  12:19  Marine  
  136  12:21  Marine x2, Widow Mine  
  127  12:28  Marine  
  127  12:29  Marine x2, Widow Mine  
  132  12:30  Command Center  
  132  12:32  Marine x2  
  132  12:33  Marauder x2  
  132  12:36  Marauder  
  140  12:37  Marine x2  
  140  12:38  Marine  
  140  12:39  Marine  
Tags
 
Add a new tag
Caveats
  • Supply blocks, unpowered buildings, or Contaminate may cause inaccurate times.
  • Supply counts are checked every 10 seconds.